 Dungeon Crawl Stone Soup version 0.28-a0-1159-g27aa881441 (webtiles) character file.

Game seed: 961166260545332176

18 mainiacjoe the Sneak (level 2, -6/21 HPs)
             Began as an Octopode Delver on Dec 16, 2021.
             Killed from afar by Ijyb (12 damage)
             ... with a puff of flame
             ... on level 4 of the Dungeon.
             The game lasted 00:01:27 (397 turns).

mainiacjoe the Sneak (Octopode Delver)               Turns: 397, Time: 00:01:28

Health: -6/21      AC:  1    Str: 11    XL:     2   Next: 66%
Magic:  2/2        EV: 13    Int: 12    God:
Gold:   28         SH:  0    Dex: 13    Spells: 1/1 levels left

rFire   . . .      SeeInvis .   a - +0 falchion
rCold   . . .      Faith    .   (no shield)
rNeg    . . .      Spirit   .   (helmet restricted)
rPois   .          Reflect  .   (no amulet)
rElec   .          Harm     .   (no ring)
rCorr   .          Rampage  .   (no ring)
Will    .....                   (no ring)
Stlth   ++++......              (no ring)
HPRegen 0.07/turn               (no ring)
MPRegen 0.08/turn               (no ring)
                                (no ring)
                                (no ring)

@: no status effects
A: almost no armour, amphibious, 8 rings, camouflage 1, gelatinous body 1,
(nimble swimmer 1), tentacles
a: no special abilities


You were on level 4 of the Dungeon.
You visited 1 branch of the dungeon, and saw 2 of its levels.

You collected 28 gold pieces.

Inventory:

Hand Weapons
 a - a +0 falchion (weapon)
Missiles
 j - 7 stones (quivered)
Wands
 f - a wand of digging (3)
 i - a wand of charming (8)
Scrolls
 b - a scroll of fog
 c - a scroll of magic mapping
 d - a scroll of fear
 g - a scroll of identify {unknown}
Potions
 e - a potion of haste
 h - a potion of curing {unknown}


   Skills:
 - Level 3.0 Fighting
 * Level 2.6 Long Blades
 + Level 2.3 Dodging
 + Level 6.8 Stealth


You had one spell level left.
You didn't know any spells.
Your spell library was empty.

Dungeon Overview and Level Annotations

Branches:
Dungeon (5/15)
 Temple: D:4-7

Altars:

Annotations:
D:4 Ijyb


Innate Abilities, Weirdness & Mutations

You cannot wear most types of armour.
You are amphibious.
You can wear up to eight rings at the same time.
Your skin changes colour to match your surroundings (Stealth+).
Your rubbery body absorbs attacks. (AC +1, EV +1)
((You are camouflaged near water. (Stealth+)))
You have tentacles for arms and can constrict up to eight enemies at once.


Message History

Aim: an orc, wielding a +0 club and wearing a +0 scale mail (chance to affect: 63%)
The orc resists with significant effort.
Your orc hits Ijyb with a +0 whip. The orc completely misses you.
Aiming: Charm
Press: ? - help, Shift-Dir - straight line, f/p - orc
Aim: an orc, wielding a +0 club and wearing a +0 scale mail (chance to affect: 63%)
The orc is charmed.
Ijyb barely misses your orc.
Your orc closely misses Ijyb.
The orc hits you with a +0 club.
An endoplasm comes into view.
What are your orders? t - Shout!
Orders for allies: a - Attack new target. p - Attack previous target. r - Retreat! s - Stop attacking. g - Guard the area. f - Follow me.
Anything else - Cancel.
Gang up on whom?
Press: ? - help, Dir - move target, f - Ijyb, p - orc
Aim: Ijyb, wielding a +0 dagger, wearing a +0 leather armour and carrying a wand of flame (16) (lightly wounded, ally target) Attack!
An adder comes into view.
Ijyb barely misses your orc.
Your orc closely misses Ijyb.
The orc hits you with a +0 club.
* * * LOW HITPOINT WARNING * * *
You hit the orc.
You kill the orc!
Ijyb completely misses your orc.
Your orc closely misses Ijyb.
Ijyb hits your orc with a +0 dagger.
Aiming: Charm
Press: ? - help, Shift-Dir - straight line, f - adder, p - Ijyb
Aim: an adder (chance to affect: 54%)
The adder resists with significant effort.
Your orc hits Ijyb with a +0 whip.
Your orc barely misses Ijyb.
Ijyb hits your orc with a +0 dagger.
Your orc dies!
There's nothing to close nearby.
Okay, then.
Your orc hits Ijyb with a +0 club.
Ijyb zaps a wand.
The puff of flame hits you!
Ouch! That really hurt!
You die...

#.S.....................
#..................(....
#..................(.......
#.................(........
#................(........#
............S...Jog.......##+####
#..^.............)...............
#...............@................
#...............).............[..
#................................
...########......................
..##≈≈≈§≈≈##.[...................
..#§≈...§≈§#.....................
..#≈..§≈§.≈#..............##.....
#.#≈.≈§≈≈§.'...#################.
#.'..≈≈≈≈.≈#...# #.


You could see Ijyb (ally target), an adder, an endoplasm and a friendly orc
(charmed).

Vanquished Creatures
  An adder (D:4)
  A dart slug (D:4)
  2 orcs (D:4)
  An endoplasm (D:4)
  A quokka skeleton (D:4)
6 creatures vanquished.

Vanquished Creatures (others)
  An orc (D:4)
1 creature vanquished.

Grand Total: 7 creatures vanquished

Notes
Turn   | Place    | Note
-------+----------+-------------------------------------------
     0 | D:5      | mainiacjoe the Octopode Delver began the quest for the Orb.
     0 | D:5      | Reached XP level 1. HP: 16/16 MP: 1/1
    13 | D:5      | Noticed a necrophage
   146 | D:4      | Reached XP level 2. HP: 10/21 MP: 2/2
   388 | D:4      | Noticed Ijyb
   397 | D:4      | Killed from afar by Ijyb

Illustrated notes

Levels and vault maps discovered:
D:4:      layout_basic, kennysheep_another_room, uniq_grinder, uniq_ijyb
D:5:      layout_basic, temple_hall, cheibrodos_gnoll_hut

Action                   || total
-------------------------++-------
Melee: Falchion          ||    14
       Constrict         ||     5
       Tentacles         ||     5
Throw: Stone             ||    10
Evoke: Wand              ||     4
 Stab: Sleeping          ||     2
Armor: Skin              ||     1
Dodge: Dodged            ||    10

Table legend: (Time is in decaauts)
 A = Elapsed time spent in this place.
 B = Non-inter-level travel time spent in this place.
 C = Inter-level travel time spent in this place.
 D = Time resting spent in this place.
 E = Time spent auto-exploring this place.
 F = Levels seen in this place.
 G = Mean time per level.
                   A        B        C        D        E       F      G
               +--------+--------+--------+--------+--------+-----+--------+
         Total |    400 |    395 |      5 |    144 |    134 |   2 |  200.0 |
       Dungeon |    400 |    395 |      5 |    144 |    134 |   2 |  200.0 |
               +--------+--------+--------+--------+--------+-----+--------+

Top non-repeatable levels by time:
     D:4: 384 daAuts
     D:5: 16 daAuts
